 Dungeon Crawl Stone Soup version 0.21-a0-538-gd16b88a (webtiles) character file.

123 AverageBear the Cutter (level 4, -2/27 HPs)
             Began as a Deep Elf Fighter on Dec 15, 2017.
             Slain by a gnoll
             ... wielding a +0 halberd
              (7 damage)
             ... on level 2 of the Dungeon.
             The game lasted 00:01:39 (1952 turns).

AverageBear the Cutter (Deep Elf Fighter)           Turns: 1952, Time: 00:01:39

Health: -2/27      AC:  6    Str: 14    XL:     4   Next: 80%
Magic:  0/6        EV:  6    Int: 13    God:
Gold:   40         SH:  7    Dex: 14    Spells: 3/3 levels left

rFire    . . .     SeeInvis .   a - +0 rapier
rCold    . . .     Gourm    .   c - +0 shield
rNeg     . . .     Faith    .   b - +0 scale mail
rPois    .         Spirit   +   (no helmet)
rElec    .         Reflect  .   (no cloak)
rCorr    .         Harm     .   (no gloves)
MR       .....                  (no boots)
Stlth    ..........             h - amulet of guardian spirit
HPRegen  0.09/turn              (no ring)
MPRegen  0.10/turn              (no ring)

@: heavily drained
A: no striking features
a: no special abilities


You were on level 2 of the Dungeon.
You were not hungry.

You visited 1 branch of the dungeon, and saw 2 of its levels.

You collected 40 gold pieces.

Inventory:

Hand Weapons
 a - a +0 rapier (weapon)
Armour
 b - a +0 scale mail (worn)
 c - a +0 shield (worn)
Jewellery
 h - an amulet of guardian spirit (around neck)
Scrolls
 i - 2 scrolls of identify {unknown}
 l - 2 scrolls of teleportation {unknown}
Potions
 d - a potion of might
 e - a potion of brilliance
Comestibles
 f - 2 bread rations
 j - 2 royal jellies
 k - 2 chunks of flesh
 m - 3 fruits
 n - a meat ration


   Skills:
 - Level 2.4(1.0) Fighting
 - Level 5.1(3.6) Short Blades
 - Level 2.4(1.0) Armour
 + Level 0.0 Dodging
 - Level 2.4(1.0) Shields


You had 3 spell levels left.
You didn't know any spells.

Dungeon Overview and Level Annotations

Branches:
Dungeon (2/15)

Altars:
Okawaru


Message History

You are too injured to fight recklessly!
You are too injured to fight recklessly!
You are too injured to fight recklessly!
You are too injured to fight recklessly!
You are too injured to fight recklessly!
You are too injured to fight recklessly!
You are too injured to fight recklessly!
You closely miss the gnoll.
The gnoll is moderately wounded.
The gnoll hits you from afar with a spear.
You block the gnoll's attack.
Your shield and scale mail prevent you from hitting the gnoll.
The gnoll is moderately wounded.
The gnoll barely misses you. The gnoll hits you with a halberd!
* * * LOW HITPOINT WARNING * * *
You barely miss the gnoll.
The gnoll is moderately wounded.
The gnoll hits you from afar with a spear.
The gnoll hits you with a halberd!
You die...

...#...# ...
#####.#.#.#
###
##.......#.#
#.......##.#
#.<......#.#
#.#.#..#.#.#
#?.......#.#
#.###.#.#....#
#....@..####.#
#####g### .#
#g# #


#lg ..# ... ... .... You could see 3 gnolls and a leopard gecko.

Vanquished Creatures
  Natasha (twice) (D:2)
  3 adders (D:2)
  An adder skeleton (D:2)
  A worm (D:2)
  4 dart slugs
  A leopard gecko (D:2)
  2 giant cockroaches (D:2)
  5 hobgoblins
  5 kobolds
  5 bats
  A frilled lizard (D:1)
  4 goblins (D:1)
  4 rats (D:2)
38 creatures vanquished.

Notes
Turn   | Place    | Note
-------+----------+-------------------------------------------
     0 | D:1      | AverageBear the Deep Elf Fighter began the quest for the Orb.
     0 | D:1      | Reached XP level 1. HP: 13/13 MP: 3/3
   101 | D:1      | Reached XP level 2. HP: 15/18 MP: 4/4
   236 | D:1      | Reached skill level 3 in Short Blades
   769 | D:2      | Reached XP level 3. HP: 20/22 MP: 3/5
   929 | D:2      | Reached skill level 4 in Short Blades
  1216 | D:2      | Noticed Natasha
  1226 | D:2      | Killed Natasha
  1226 | D:2      | Reached XP level 4. HP: 3/27 MP: 0/6
  1790 | D:2      | Found an iron altar of Okawaru.
  1814 | D:2      | Noticed Natasha
  1823 | D:2      | Killed Natasha
  1823 | D:2      | Reached skill level 5 in Short Blades
  1952 | D:2      | Slain by a gnoll

Vault maps used:
D:1:      dpeg_arrival_simpleton_c
D:2:      lemuel_doored_altar, uniq_natasha

Skill      XL: |  1  2  3  4 |
---------------+-------------+-----
Short Blades   | 3 4 5 |  5.1
Fighting       | |  2.4
Armour         | |  2.4
Shields        | |  2.4

Action                   |  1- 3 |  4- 6 || total
-------------------------+-------+-------++-------
Melee: Rapier            |   118 |    40 ||   158
  Use: Potion            |     4 |       ||     4
 Stab: Sleeping          |     1 |       ||     1
  Eat: Chunk             |     1 |     3 ||     4
Armor: Scale mail        |    32 |    10 ||    42
       Skin              |     3 |       ||     3
Dodge: Dodged            |    32 |     8 ||    40
Block: Shield            |    54 |    14 ||    68

Table legend:
 A = Spawn XP
 B = Non-spawn XP
 C = Spawn XP percentage of total XP
 D = Spawn monster count
 E = Non-spawn monster count
 F = Spawn count percentage of total count
 G = Total turns spent on level
                    A         B        C        D         E        F      G
               +---------+---------+-------+---------+---------+-------+---------
         Total |       0 |     177 |   0.0 |       0 |      38 |   0.0 |  1952
               +---------+---------+-------+---------+---------+-------+---------
           D:1 |       0 |      30 |   0.0 |       0 |      15 |   0.0 |   757
           D:2 |       0 |     147 |   0.0 |       0 |      23 |   0.0 |  1195
               +---------+---------+-------+---------+---------+-------+---------
